 Dungeon Crawl Stone Soup version 0.22-a0-135-g6f012ad (webtiles) character file.

56 KristoblXynda the Sneak (level 3, -1/21 HPs)
             Began as an Octopode Enchanter on Jan 31, 2018.
             Slain by an orc
             ... wielding a +0 hand axe
              (5 damage)
             ... on level 3 of the Dungeon.
             The game lasted 00:03:59 (1719 turns).

KristoblXynda the Sneak (Octopode Enchanter)        Turns: 1719, Time: 00:03:59

Health: -1/21      AC:  1    Str:  7    XL:     3   Next: 95%
Magic:  3/7        EV: 13    Int: 18    God:
Gold:   76         SH:  0    Dex: 12    Spells: 1/7 levels left

rFire    . . .     SeeInvis .   j - +0 dagger (flame)
rCold    . . .     Gourm    .   (no shield)
rNeg     . . .     Faith    .   (helmet restricted)
rPois    .         Spirit   .   (no amulet)
rElec    .         Reflect  .   (no ring)
rCorr    .         Harm     .   (no ring)
MR       .....                  (no ring)
Stlth    ++++......             (no ring)
HPRegen  0.07/turn              (no ring)
MPRegen  0.10/turn              (no ring)
                                (no ring)
                                (no ring)

@: very slightly contaminated
A: almost no armour, stealthy swim, amphibious, 8 rings, constrict 8, camouflage
1, gelatinous body 1
a: no special abilities


You were on level 3 of the Dungeon.
You were not hungry.

You visited 1 branch of the dungeon, and saw 3 of its levels.

You collected 76 gold pieces.

Inventory:

Hand Weapons
 a - a +1 dagger
 j - a +0 dagger of flaming (weapon)
Jewellery
 l - an uncursed amulet of regeneration {unknown}
Wands
 o - a wand of enslavement (8)
Scrolls
 e - a scroll of immolation {unknown}
 h - 4 scrolls of remove curse {unknown}
 i - 2 scrolls of identify {unknown}
 m - a scroll of fear {unknown}
 q - a scroll of teleportation {unknown}
 r - a scroll of fog {unknown}
 s - a scroll of random uselessness {unknown}
Potions
 d - 2 potions of invisibility {unknown}
 f - a potion of agility
 g - a potion of brilliance {unknown}
 k - 2 potions of curing {unknown}
 n - a potion of heal wounds {unknown}
 p - a potion of lignification {unknown}
Books
 b - a book of Maledictions

   Spells                             Type                      Level
   a - Corona                         Hexes                        1
   b - Ensorcelled Hibernation        Hexes/Ice                    2
   c - Confuse                        Hexes                        3
   d - Tukima's Dance                 Hexes                        3
   e - Dazzling Spray                 Conjuration/Hexes            3
Comestibles
 c - 3 rations


   Skills:
 - Level 1.0 Short Blades
 - Level 2.0 Dodging
 + Level 5.0 Stealth
 + Level 2.7 Spellcasting
 + Level 3.6 Hexes


You had one spell level left.
You knew the following spells:

 Your Spells              Type           Power        Failure   Level  Hunger
a - Corona                Hex            ###....      3%          1    #......
b - Ensorcelled Hibernat  Hex/Ice        #.....       12%         2    ##.....
c - Confuse               Hex            ###.....     11%         3    ###....


Dungeon Overview and Level Annotations

Branches:
Dungeon (3/15)

Altars:
Beogh


Innate Abilities, Weirdness & Mutations

You cannot wear most types of armour.
You are very stealthy in the water. (Stealth+)
You are amphibious.
You can wear up to eight rings at the same time.
You can use your tentacles to constrict eight enemies at once.
Your skin changes colour to match your surroundings (Stealth+).
Your rubbery body absorbs attacks. (AC +1, EV +1)


Message History

The orc hits you with a hand axe.
Casting: Ensorcelled Hibernation (safe; 12% risk of failure)
Confirm with . or Enter, or press ? or * to list all spells.
Aiming: Ensorcelled Hibernation (safe; 12% risk of failure)
Press: ? - help, Shift-Dir - straight line, f - orc priest
Aim: an orc priest, wielding a hand axe (chance to defeat MR: 40%)
You miscast Ensorcelled Hibernation.
You are very lightly contaminated with residual magic.
Your skin tingles.
The orc hits you with a hand axe.
Casting: Ensorcelled Hibernation (safe; 12% risk of failure)
Confirm with . or Enter, or press ? or * to list all spells.
Aiming: Ensorcelled Hibernation (safe; 12% risk of failure)
Press: ? - help, Shift-Dir - straight line, f/p - orc priest
Aim: an orc priest, wielding a hand axe (chance to defeat MR: 40%)
The orc priest resists with some effort.
The orc priest hits you with a hand axe.
* * * LOW HITPOINT WARNING * * *
The orc misses you. The orc closely misses you. The orc priest misses you.
The orc hits you with a hand axe.
You die...

..##.######.....##)#
.###.# #.....##.# ##
..# #.###.##.# ...#
#.# #.##.# #...#
#.###.##.# ##.##
#........# #.
#####.#### #..#
##@##


#ooo# #$8)8.# #..$$$# #$8$8$# ##._$## ##### ######## You could see an orc priest
and 2 orcs.

Vanquished Creatures
  2 worms (D:2)
  2 dart slugs
  2 orcs (D:3)
  9 goblins
  6 hobgoblins
  3 jackals (D:2)
  6 kobolds
  A quokka (D:3)
  3 bats
  2 frilled lizards
  3 rats
39 creatures vanquished.

Notes
Turn   | Place    | Note
-------+----------+-------------------------------------------
     0 | D:1      | KristoblXynda the Octopode Enchanter began the quest for the Orb.
     0 | D:1      | Reached XP level 1. HP: 11/11 MP: 3/3
    77 | D:1      | Reached XP level 2. HP: 9/17 MP: 5/5
   568 | D:1      | Learned a level 2 spell: Ensorcelled Hibernation
   989 | D:2      | Reached XP level 3. HP: 21/21 MP: 6/6
   994 | D:2      | Learned a level 3 spell: Confuse
  1710 | D:3      | Found a roughly hewn altar of Beogh.
  1713 | D:3      | Reached skill level 5 in Stealth
  1719 | D:3      | Slain by an orc

Vault maps used:
D:1:      tarquinn_simple_flora_water_e
D:3:      bloody_makhleb, kennysheep_orc_chapel

Skill      XL: |  1  2  3 |
---------------+----------+-----
Stealth        | 5 |  5.0
Short Blades   | |  1.0
Dodging        | |  2.0
Spellcasting   | |  2.7
Hexes          | |  3.6

Action                   || total
-------------------------++-------
Melee: Dagger            ||    91
       Tentacles         ||    14
       Constrict         ||    23
 Cast: Ensorcelled Hiber ||     7
 Stab: Sleeping          ||    10
  Eat: Chunk             ||     3
Armor: Skin              ||     8
Dodge: Dodged            ||    54

Table legend:
 A = Spawn XP
 B = Non-spawn XP
 C = Spawn XP percentage of total XP
 D = Spawn monster count
 E = Non-spawn monster count
 F = Spawn count percentage of total count
 G = Total turns spent on level
                    A         B        C        D         E        F      G
               +---------+---------+-------+---------+---------+-------+---------
         Total |       0 |      80 |   0.0 |       0 |      39 |   0.0 |  1719
               +---------+---------+-------+---------+---------+-------+---------
           D:1 |       0 |      28 |   0.0 |       0 |      15 |   0.0 |   950
           D:2 |       0 |      40 |   0.0 |       0 |      19 |   0.0 |   632
           D:3 |       0 |      12 |   0.0 |       0 |       5 |   0.0 |   137
               +---------+---------+-------+---------+---------+-------+---------
